 Dungeon Crawl Stone Soup version 0.25.1-2-g60ff931df9 (webtiles) character file.

Game seed: 11575164815223039442

80 barney the Changer (level 4, -1/35 HPs)
             Began as a Draconian Transmuter on Nov 1, 2020.
             Killed by divine providence
             ... invoked by an orc priest
              (16 damage)
             ... on level 3 of the Dungeon.
             The game lasted 00:02:36 (2881 turns).

barney the Changer (Draconian Transmuter)           Turns: 2881, Time: 00:02:37

Health: -1/35      AC:  2    Str: 11 (12) XL:     4   Next: 18%
Magic:  4/7        EV: 19    Int: 13 (14) God:
Gold:   101        SH:  0    Dex: 16 (17) Spells: 3/7 levels left

rFire    . . .     SeeInvis .     - Unarmed
rCold    . . .     Gourm    .   (shield currently unavailable)
rNeg     . . .     Faith    .   (armour unavailable)
rPois    x         Spirit   .   (helmet currently unavailable)
rElec    .         Reflect  .   (cloak currently unavailable)
rCorr    .         Harm     .   (gloves currently unavailable)
MR       .....                  (boots currently unavailable)
Stlth    +.........             (no amulet)
HPRegen  0.11/turn              (no ring)
MPRegen  0.10/turn              (no ring)

@: about to teleport, spider-form
A: tiny, unfitting armour, AC +5
a: End Transformation


You were on level 3 of the Dungeon.
You were not hungry.
You were a venomous arachnid creature.
You visited 1 branch of the dungeon, and saw 3 of its levels.

You collected 101 gold pieces.

Inventory:

Hand Weapons
 t - a +1 whip of draining (melded)
Missiles
 a - 65 arrows
Scrolls
 b - a scroll of remove curse {unknown}
 d - 3 scrolls of identify {unknown}
 g - a scroll of fear {unknown}
 m - a scroll of magic mapping {unknown}
 o - a scroll of blinking {unknown}
 q - 2 scrolls of immolation {unknown}
Potions
 f - 3 potions of degeneration
 h - 2 potions of heal wounds {unknown}
 i - a potion of lignification {unknown}
 j - 2 potions of haste {unknown}
 k - a potion of cancellation {unknown}
 l - a potion of berserk rage {unknown}
 n - a potion of flight {unknown}
 s - a potion of invisibility {unknown}
Comestibles
 c - 4 rations
 p - 2 chunks of flesh


   Skills:
 - Level 1.1 Fighting
 - Level 1.7 Dodging
 - Level 3.0 Unarmed Combat
 - Level 2.0 Spellcasting
 * Level 4.5 Transmutations


You had 3 spell levels left.
You knew the following spells:

 Your Spells              Type           Power        Failure   Level  Hunger
a - Beastly Appendage     Tmut           ##....       13%         1    ##.....
b - Spider Form           Tmut/Pois      #.........   52%         3    ####...

Your spell library contained the following spells:

 Spells                   Type           Power        Failure   Level  Hunger
 Sticks to Snakes         Tmut           ##......     17%         2    ###....
 Ice Form                 Ice/Tmut       #.......     86%         4    #####..
 Blade Hands              Tmut           ##........   88%         5    ######.


Dungeon Overview and Level Annotations

Branches:
Dungeon (3/15)

Altars:
Qazlal
Wu Jian
Xom
Yredelemnul

Annotations:
D:3 Sigmund


Innate Abilities, Weirdness & Mutations

((Your plain brown scales are hard. (AC +5)))
You cannot fit into any form of body armour.
((You are cold-blooded and may be slowed by cold attacks.))


Message History

A kobold comes into view. It is wielding a +0 short sword.
The orc completely misses you.
Unknown command.
You hit the orc priest.
The orc priest is poisoned.
The orc priest is moderately wounded.
You feel a bit more experienced. The orc hits you with a +0 dagger.
The orc priest hits you with a +0 club.
The orc hits you from afar with a +0 trident.
The kobold throws a stone.
The stone closely misses you.
The stone hits the orc priest.
You hit the orc priest.
The orc priest looks as sick as possible!
The orc priest is almost dead.
The orc barely misses you. The orc closely misses you.
The kobold throws a stone.
The stone closely misses you.
The stone completely misses the orc priest.
The stone hits the hobgoblin.
The orc priest calls down the wrath of Beogh upon you.
Beogh smites you!
You die...

.. # #.####
.# #....##.#
#.......#
####.>.....#
K.........###
#..g.......
#..sog..>..
#!oo.......
#...o......
#..........
#..........
###########


You could see an orc priest (extremely poisoned), 3 orcs, 2 hobgoblins and a
kobold.

Vanquished Creatures
  4 adders
  A dart slug (D:1)
  An orc (D:3)
  7 bats
  2 giant cockroaches
  5 goblins (D:1)
  5 hobgoblins
  2 jackals (D:2)
  4 frilled lizards
  5 kobolds
  9 rats
45 creatures vanquished.

Notes
Turn   | Place    | Note
-------+----------+-------------------------------------------
     0 | D:1      | barney the Draconian Transmuter began the quest for the
                  | Orb.
     0 | D:1      | Reached XP level 1. HP: 16/16 MP: 3/3
    90 | D:1      | Reached XP level 2. HP: 3/23 MP: 3/5
   574 | D:1      | Reached skill level 3 in Transmutations
  1085 | D:1      | Reached XP level 3. HP: 25/28 MP: 6/6
  1090 | D:1      | Learned a level 3 spell: Spider Form
  1486 | D:2      | Found a shimmering altar of Xom.
  1516 | D:2      | Reached skill level 4 in Transmutations
  2058 | D:2      | Found an ornate altar of the Wu Jian Council.
  2078 | D:2      | Found a stormy altar of Qazlal.
  2422 | D:2      | Found a shimmering altar of Xom.
  2468 | D:2      | Found a basalt altar of Yredelemnul.
  2801 | D:3      | Reached XP level 4. HP: 35/35 MP: 3/7
  2862 | D:3      | Noticed Sigmund
  2881 | D:3      | Killed from afar by an orc priest

Illustrated notes

Levels and vault maps discovered:
D:1:      saegor_arrival_simple_e, layout_rooms, minmay_indecisive_spiral
D:2:      layout_basic, nicolae_qazlal_general_emergency,
          overflow_temple_1_default, old_standard_altar, xom_redecorated
D:3:      layout_rooms, grunt_temple_overflow_order_and_chaos_1,
          bh_walls_and_bars, uniq_sigmund

Skill      XL: |  1  2  3 |
---------------+----------+-----
Transmutations | 3 4 |  4.5
Fighting       | |  1.1
Dodging        | |  1.7
Unarmed Combat | |  3.0
Spellcasting   | |  2.0

Action                   |  1- 3 |  4- 6 || total
-------------------------+-------+-------++-------
Melee: Unarmed           |   122 |    10 ||   132
       Tailslap          |     8 |       ||     8
       Headbutt          |     4 |       ||     4
       Kick              |     1 |       ||     1
       Punch             |     1 |       ||     1
       Whip              |       |     3 ||     3
 Cast: Beastly Appendage |     7 |     1 ||     8
       Spider Form       |     9 |     1 ||    10
  Use: Scroll            |       |     4 ||     4
       Potion            |       |     3 ||     3
 Stab: Sleeping          |     1 |       ||     1
  Eat: Chunk             |     7 |     1 ||     8
Armor: Skin              |    45 |    11 ||    56
Dodge: Dodged            |   126 |    23 ||   149
